 Dungeon Crawl Stone Soup version 0.21.1-1-g345015f (webtiles) character file.

2100 sking99 the Basher (level 9, 0/71 HPs)
             Began as a Minotaur Chaos Knight on June 23, 2018.
             Succumbed to a killer bee's poison
             ... on level 7 of the Dungeon.
             The game lasted 00:16:37 (6176 turns).

sking99 the Basher (Minotaur Chaos Knight)          Turns: 6176, Time: 00:16:37

Health: 0/71       AC:  9    Str: 17    XL:     9   Next: 7%
Magic:  8/8        EV: 11    Int:  9    God:    Xom [....*.]
Gold:   157        SH:  4    Dex: 13    Spells: 8/8 levels left

rFire    . . .     SeeInvis .   a - +0 mace (chaos)
rCold    . . .     Gourm    .   (no shield)
rNeg     + . .     Faith    .   n - +4 ring mail {rN+}
rPois    .         Spirit   .   (helmet restricted)
rElec    .         Reflect  .   (no cloak)
rCorr    .         Harm     .   q - +0 pair of gloves
MR       .....                  e - +0 pair of boots
Stlth    +.........             (no amulet)
HPRegen  0.21/turn              (no ring)
MPRegen  0.11/turn              (no ring)

@: lethally poisoned (0 -> -4), cleaving
A: retaliatory headbutt, horns 2, large bone plates 1, deformed body, wild magic
1
a: Renounce Religion


You were on level 7 of the Dungeon.
You worshipped Xom.
You were a beloved toy of Xom.
You were not hungry.

You visited 1 branch of the dungeon, and saw 7 of its levels.
You also visited: Sewer.

You collected 228 gold pieces.
You spent 71 gold pieces at shops.

Inventory:

Hand Weapons
 a - a +0 mace of chaos (weapon)
 b - a +0 hunting sling
 C - a +0 hand axe of chaos
Missiles
 i - 82 stones (quivered)
Armour
 e - a +0 pair of boots (worn)
 h - a +2 leather armour
 n - a +4 ring mail of positive energy (worn)
 o - a +2 ring mail of positive energy
 q - a +0 pair of gloves (worn)
 E - a -2 ring mail
Wands
 w - a wand of paralysis (23)
Scrolls
 g - 3 scrolls of teleportation
 j - 6 scrolls of identify
 k - 2 scrolls of amnesia
 l - 4 scrolls of remove curse
 m - a scroll of fog {unknown}
 t - a scroll of random uselessness {unknown}
 v - a scroll of noise {unknown}
 y - 2 scrolls of magic mapping
 B - 2 scrolls of enchant weapon {unknown}
 F - a scroll of immolation {unknown}
 G - a scroll of brand weapon {unknown}
 I - a scroll of enchant armour {unknown}
 J - a scroll of fear {unknown}
Potions
 d - 2 potions of flight
 f - a potion of experience {unknown}
 p - 2 potions of ambrosia {unknown}
 r - 2 potions of curing
 s - a potion of agility {unknown}
 u - 2 potions of invisibility {unknown}
 z - a potion of magic {unknown}
 A - a potion of degeneration {unknown}
 D - a potion of might {unknown}
Books
 x - a book of Maledictions

   Spells                             Type                      Level
   a - Corona                         Hexes                        1
   b - Ensorcelled Hibernation        Hexes/Ice                    2
   c - Confuse                        Hexes                        3
   d - Tukima's Dance                 Hexes                        3
   e - Dazzling Spray                 Conjuration/Hexes            3
Comestibles
 c - 12 rations


   Skills:
 - Level 3.9 Fighting
 * Level 13.9 Maces & Flails
 - Level 2.8 Armour
 - Level 1.1 Dodging


You had 8 spell levels left.
You didn't know any spells.

Dungeon Overview and Level Annotations

Branches:
Dungeon (7/15)             Temple (0/1) D:6

Altars:
Elyvilon
Fedhas
Okawaru
Ru
Trog
Wu Jian
Yredelemnul

Shops:
D:4 ?


Innate Abilities, Weirdness & Mutations

You reflexively headbutt those who attack you in melee.
You have a pair of horns on your head.
You are partially covered in large bone plates. (SH +4)
Armour fits poorly on your strangely shaped body.
Your spells are a little harder to cast, but a little more powerful.


Message History

* * * LOW HITPOINT WARNING * * *
You feel sick.
Found a scroll of amnesia.
Items here: ††††† a hound corpse; a killer bee corpse x4
* * * LOW HITPOINT WARNING * * *
You feel sick.
* * * LOW HITPOINT WARNING * * *
You feel sick.
* * * LOW HITPOINT WARNING * * *
You feel sick.
* * * LOW HITPOINT WARNING * * *
You feel sick.
* * * LOW HITPOINT WARNING * * *
You feel sick.
Found a stone staircase leading up.
* * * LOW HITPOINT WARNING * * *
You feel sick.
You die...
Xom thinks this is hilarious!

#..# #..# ###..
#.?.. #.#.# .###
#.#.# ....
####.#######.#.####
###
..<....@.......†..#
####.........#.##.#
#...........##.#
#########.####.####
#.####....###
#.......#..>.
#.#####...### #.#
##.## #.#


There were no monsters in sight!

Vanquished Creatures
  Sigmund (D:3)
  Menkaure (D:6)
  Purgy (Sewer)
  The ghost of twistedcrescendo the Skirmisher, an amateur MiBe of Trog (D:3)
  A black bear (D:7)
  5 ogres
  A centaur (D:5)
  2 scorpions
  7 killer bees
  A crimson imp (D:5)
  A jelly (D:5)
  A centaur skeleton (D:4)
  A gnoll shaman (D:5)
  2 orc priests (D:6)
  A hound (D:7)
  An orc wizard (D:6)
  An iguana (D:6)
  Jessica (D:2)
  Terence (D:2)
  A worker ant (D:7)
  A worker ant zombie (D:5)
  5 gnolls (D:5)
  10 adders
  2 shadow imps
  An ooze (D:6)
  A worm (D:3)
  A dart slug (D:3)
  6 leopard geckos
  10 orcs
  6 giant cockroaches
  8 hobgoblins
  12 jackals
  A quokka (D:3)
  3 ball pythons
  7 bats
  8 frilled lizards
  6 goblins
  8 kobolds
  10 rats
138 creatures vanquished.

Vanquished Creatures (collateral kills)
  4 gnolls (D:5)
4 creatures vanquished.

Vanquished Creatures (others)
  A frilled lizard (D:3)
1 creature vanquished.

Grand Total: 143 creatures vanquished

Notes
Turn   | Place    | Note
-------+----------+-------------------------------------------
     0 | D:1      | sking99 the Minotaur Chaos Knight began the quest for the Orb.
     0 | D:1      | Reached XP level 1. HP: 19/19 MP: 0/0
   155 | D:1      | XOM: harmless Conj miscast
   175 | D:1      | XOM: potion effect (haste)
   179 | D:1      | Reached XP level 2. HP: 26/27 MP: 1/1
   214 | D:1      | Reached skill level 4 in Maces & Flails
   548 | D:1      | Reached XP level 3. HP: 33/33 MP: 2/2
   816 | D:2      | Found a white marble altar of Elyvilon.
   832 | D:2      | Reached skill level 5 in Maces & Flails
   868 | D:2      | Noticed Terence
   876 | D:2      | Killed Terence
   876 | D:2      | Reached XP level 4. HP: 29/40 MP: 3/3
   927 | D:2      | XOM: polymorph quokka -> killer bee
  1182 | D:2      | Noticed Jessica
  1187 | D:2      | Killed Jessica
  1187 | D:2      | Reached skill level 6 in Maces & Flails
  1325 | D:2      | Reached XP level 5. HP: 46/46 MP: 4/4
  1382 | D:3      | Noticed twistedcrescendo's ghost (amateur MiBe)
  1405 | D:3      | Killed twistedcrescendo's ghost
  1405 | D:3      | Reached skill level 7 in Maces & Flails
  1702 | D:3      | Found a basalt altar of Yredelemnul.
  1864 | D:3      | Noticed Sigmund
  1871 | D:3      | Killed Sigmund
  1871 | D:3      | Reached skill level 8 in Maces & Flails
  1871 | D:3      | Reached XP level 6. HP: 42/52 MP: 5/5
  1959 | D:3      | Found a glowing drain.
  1985 | Sewer    | Entered a sewer
  2016 | Sewer    | Noticed Purgy
  2029 | Sewer    | Killed Purgy
  2029 | Sewer    | Reached skill level 9 in Maces & Flails
  2064 | Sewer    | XOM: divination: detect items
  2429 | D:3      | Reached XP level 7. HP: 45/58 MP: 6/6
  2586 | D:3      | XOM: divination: magic mapping
  2794 | D:4      | Found Eqiuci's Magic Scroll Boutique.
  2844 | D:3      | XOM: harmless Ice miscast
  2856 | D:4      | XOM: harmless Pois miscast
  2898 | D:4      | Bought a scroll of teleportation for 33 gold pieces
  2898 | D:4      | Bought a scroll of magic mapping for 38 gold pieces
  3089 | D:4      | Found an ornate altar of the Wu Jian Council.
  3106 | D:4      | XOM: god gift: runed hand axe {god gift}
  3123 | D:4      | XOM: give mutations
  3123 | D:4      | Gained mutation: Your spells are a little harder to cast, but a little more powerful. [Xom's grace]
  3123 | D:4      | Gained mutation: You are partially covered in large bone plates. (SH +4) [Xom's grace]
  3149 | D:4      | XOM: 1-stop teleportation journey
  3165 | D:4      | XOM: cleaving
  3175 | D:4      | Reached skill level 10 in Maces & Flails
  3711 | D:5      | Entered Level 5 of the Dungeon
  3739 | D:5      | XOM: summons 4 friendly demons
  3969 | D:5      | XOM: enchant monster (good)
  4222 | D:5      | XOM: give mutation
  4222 | D:5      | Gained mutation: Armour fits poorly on your strangely shaped body. [Xom's mischief]
  4233 | D:5      | Reached skill level 11 in Maces & Flails
  4257 | D:5      | Found a blossoming altar of Fedhas.
  4273 | D:5      | XOM: silly message
  4378 | D:5      | XOM: scenery: 1 doors open, 2 doors close
  4475 | D:5      | Found a sacrificial altar of Ru.
  4548 | D:5      | Reached XP level 8. HP: 66/66 MP: 7/7
  4552 | D:5      | Found an iron altar of Okawaru.
  4589 | D:5      | XOM: god gift: 9 gold pieces
  4805 | D:6      | Noticed Menkaure
  4814 | D:6      | Killed Menkaure
  4814 | D:6      | Reached skill level 12 in Maces & Flails
  5133 | D:6      | XOM: cloud trail
  5151 | D:6      | XOM: polymorph hound -> killer bee
  5480 | D:6      | Reached skill level 13 in Maces & Flails
  5493 | D:6      | Found a bloodstained altar of Trog.
  5656 | D:6      | Found a staircase to the Ecumenical Temple.
  6146 | D:7      | Reached XP level 9. HP: 49/71 MP: 8/8
  6154 | D:7      | XOM: cleaving
  6171 | D:7      | HP: 3/71 [poisoned by a killer bee]
  6175 | D:7      | HP: 1/71 [poisoned by a killer bee]
  6176 | D:7      | Succumbed to a killer bee's poison

Skill      XL: |  1  2  3  4  5  6  7  8 |
---------------+-------------------------+-----
Maces & Flails | 4 5 6 8 9 11 13 | 13.9
Fighting       | |  3.9
Armour         | |  2.8
Dodging        | |  1.1

Action                   |  1- 3 |  4- 6 |  7- 9 || total
-------------------------+-------+-------+-------++-------
Melee: Mace              |    80 |   112 |   241 ||   433
       Headbutt          |    13 |    16 |    40 ||    69
 Fire: Hunting sling     |       |     2 |       ||     2
  Use: Scroll            |       |       |     3 ||     3
 Stab: Paralysed         |       |       |     2 ||     2
       Confused          |       |       |     1 ||     1
       Petrifying        |       |       |     1 ||     1
  Eat: Chunk             |       |     5 |     8 ||    13
       Ration            |       |       |     1 ||     1
Armor: Leather armour    |    34 |     9 |       ||    43
       Ring mail         |       |    50 |    65 ||   115
Dodge: Dodged            |    40 |    47 |    98 ||   185
Block: Other             |       |       |    28 ||    28
